 Dungeon Crawl Stone Soup version 0.19.4 (webtiles) character file.

3231 Minion the Martial Artist (level 10, -5/77 HPs)
             Began as a Human Monk on Feb 2, 2017.
             Was a Follower of Yredelemnul.
             Killed by divine providence
             ... invoked by an orc priest
              (17 damage)
             ... on level 8 of the Dungeon.
             The game lasted 00:23:44 (10533 turns).

Minion the Martial Artist (Human Monk)             Turns: 10533, Time: 00:23:45

Health: -5/77      AC:  4    Str: 11    XL:     10   Next: 18%
Magic:  13/13      EV: 16    Int: 11    God:    Yredelemnul [*.....]
Gold:   385        SH:  3    Dex: 19    Spells: 0 memorised, 9 levels left

rFire  . . .     SeeInvis +       - Unarmed
rCold  . . .     Gourm    .     E - +0 leather armour (curse)
rNeg   . . .     Faith    .     (no shield)
rPois  .         Spirit   .     (no helmet)
rElec  .         Reflect  +     (no cloak)
rCorr  +         Harm     .     F - +0 pair of gloves
MR     .....                    (no boots)
Stlth  ++........               u - +3 amulet of reflection
                                r - ring of resist corrosion
                                o - ring of see invisible

@: no status effects
A: no striking features
a: Animate Remains, Renounce Religion


You were on level 8 of the Dungeon.
You worshipped Yredelemnul.
Yredelemnul was aware of your devotion.
You were not hungry.

You visited 1 branch of the dungeon, and saw 8 of its levels.

You collected 385 gold pieces.

Inventory:

Armour
 E - a cursed +0 leather armour (worn)
 F - a +0 pair of gloves (worn)
Jewellery
 o - a ring of see invisible (left hand)
 r - a ring of resist corrosion (right hand)
 u - a +3 amulet of reflection (around neck)
Wands
 s - a wand of iceblast (10/15)
 B - a wand of disintegration (12/24)
Scrolls
 c - 9 scrolls of identify
 e - 3 scrolls of fear {unknown}
 i - 2 scrolls of immolation {unknown}
 j - 2 scrolls of fog
 k - 2 scrolls of random uselessness {unknown}
 m - a scroll of teleportation {unknown}
 w - a scroll of enchant weapon {unknown}
 x - a scroll of magic mapping {unknown}
 y - 4 scrolls of remove curse
 D - a scroll of silence {unknown}
Potions
 a - 5 potions of curing {unknown}
 d - 2 potions of might {unknown}
 h - a potion of lignification
 l - 5 potions of brilliance {unknown}
 n - a potion of invisibility
 p - a potion of heal wounds {unknown}
 t - a potion of flight {unknown}
 v - a potion of ambrosia {unknown}
 z - 2 potions of resistance {unknown}
 A - a potion of degeneration {unknown}
 G - a potion of beneficial mutation {unknown}
 H - a potion of cancellation {unknown}
Books
 C - a book of Flames

   Spells                             Type                      Level
   a - Flame Tongue                   Conjuration/Fire             1
   b - Throw Flame                    Conjuration/Fire             2
   c - Conjure Flame                  Conjuration/Fire             3
   d - Inner Flame                    Hexes/Fire                   3
   e - Sticky Flame                   Conjuration/Fire             4
   f - Fireball                       Conjuration/Fire             5
Comestibles
 b - 4 bread rations
 f - 6 fruits
 g - 3 beef jerkies
 q - 2 meat rations
 I - 12 chunks of flesh


   Skills:
 + Level 6.8 Fighting
 - Level 1.0 Armour
 - Level 6.5 Dodging
 - Level 3.3 Stealth
 - Level 10.0 Unarmed Combat
 - Level 4.1 Invocations


You had 9 spell levels left.
You didn't know any spells.

Dungeon Overview and Level Annotations

Branches:
Dungeon (8/15)             Temple (0/1) D:7
   Lair: D:8-11

Altars:
Cheibriados
Dithmenos
Sif Muna
Yredelemnul
The Shining One

Annotations:
D:3 1 exclusion


Message History

You punch the orc wizard!
You kill the orc wizard!
Yredelemnul accepts your kill.
You hit the orc.
The orc is moderately wounded.
You hit the orc.
The orc is heavily wounded.
The orc barely misses you.
The orc priest invokes the aid of Beogh against you.
Beogh smites you!
* * * LOW HITPOINT WARNING * * *
Things that are here:
a dagger; a robe You attempt to give life to the dead...
There are no remains here to animate!
The orc barely misses you.
The orc priest looks encouraged for a moment.
The orc priest invokes the aid of Beogh against you.
Beogh smites you!
You die...
Your body rises from the dead as a mindless zombie.

#...####.)###...#
#...#.##.##.....#
#...##...^.##...#
###...##.....##...#
..(....'.._..+....#
#.....##.....##...#
#.....#.......#...#####o##
#.....##.#.###...)'oooho..
#......#)#..[...@o#####...
.......)).........#
##...............##
+....#####.###### #..[.#
#.# ###.#### #.# ###....#
#.########
#......###>........
##.##.....#.###.####


You could see a black bear, an orc priest and 5 orcs.

Vanquished Creatures
  Grinder (D:5)
  Sigmund (D:5)
  The ghost of flsc the Chopper, an amateur MiFi (D:4)
  Menkaure (D:7)
  A water moccasin (D:6)
  An orc warrior (D:8)
  An ice beast (D:5)
  A sky beast (D:6)
  5 ogres
  3 phantoms
  The ghost of Raymar the Charlatan, an amateur HuAr (D:3)
  A centaur (D:4)
  A bullfrog (D:4)
  A wyvern zombie (D:7)
  3 scorpions
  A crimson imp (D:7)
  A jelly (D:6)
  An iron imp (D:8)
  4 orc priests
  2 bullfrog zombies
  3 hounds
  3 iguanas
  A bullfrog skeleton (D:8)
  Jessica (D:3)
  Ijyb (D:3)
  Terence (D:2)
  8 orc wizards
  3 worker ants
  A hound skeleton (D:7)
  8 gnolls
  9 adders
  A shadow imp (D:5)
  2 oozes
  2 adder skeletons
  3 worms (D:2)
  3 dart slugs
  6 leopard geckos
  14 orcs
  5 giant cockroaches
  8 goblins
  8 hobgoblins
  8 jackals
  3 kobolds
  4 quokkas
  3 ball pythons
  A ball python zombie (D:5)
  6 bats
  5 frilled lizards
  3 goblin skeletons (D:8)
  2 hobgoblin zombies (D:8)
  A kobold zombie (D:8)
  A leopard gecko skeleton (D:4)
  An orc skeleton (D:8)
  An orc zombie (D:8)
  9 rats
  A spectral orc (D:3)
172 creatures vanquished.

Notes
Turn   | Place    | Note
-------+----------+-------------------------------------------
     0 | D:1      | Minion the Human Monk began the quest for the Orb.
     0 | D:1      | Reached XP level 1. HP: 18/18 MP: 1/1
    87 | D:1      | Reached XP level 2. HP: 16/24 MP: 2/2
   626 | D:1      | Reached XP level 3. HP: 29/29 MP: 3/3
  1371 | D:2      | Reached XP level 4. HP: 32/35 MP: 4/4
  1675 | D:2      | Noticed Terence
  1707 | D:2      | Killed Terence
  1707 | D:2      | Reached skill level 4 in Unarmed Combat
  2318 | D:2      | Reached XP level 5. HP: 26/41 MP: 5/5
  3284 | D:3      | Reached skill level 5 in Unarmed Combat
  3284 | D:3      | Reached XP level 6. HP: 28/47 MP: 6/6
  3465 | D:3      | Noticed Jessica
  3480 | D:3      | Killed Jessica
  3508 | D:3      | Noticed Ijyb
  3627 | D:3      | Killed Ijyb
  3767 | D:3      | Found a basalt altar of Yredelemnul.
  3785 | D:3      | Became a worshipper of Yredelemnul the Dark
  3785 | D:3      | Reached * piety under Yredelemnul
  3785 | D:3      | Reached ** piety under Yredelemnul
  4314 | D:3      | Found a snail-covered altar of Cheibriados.
  4435 | D:3      | Noticed Raymar's ghost (amateur HuAr)
  4459 | D:3      | Killed Raymar's ghost
  4459 | D:3      | Reached skill level 1 in Invocations
  4459 | D:3      | Reached XP level 7. HP: 52/52 MP: 7/7
  4644 | D:4      | Reached skill level 6 in Unarmed Combat
  4892 | D:4      | Noticed flsc's ghost (amateur MiFi)
  5244 | D:4      | Killed flsc's ghost
  5244 | D:4      | Reached skill level 5 in Dodging
  5244 | D:4      | Reached skill level 7 in Unarmed Combat
  5244 | D:4      | Reached XP level 8. HP: 13/58 MP: 8/10
  5707 | D:5      | Entered Level 5 of the Dungeon
  5935 | D:5      | Noticed Grinder
  5953 | D:5      | Killed Grinder
  5953 | D:5      | Reached skill level 8 in Unarmed Combat
  6093 | D:5      | Noticed Sigmund
  6108 | D:5      | Killed Sigmund
  6379 | D:5      | Reached XP level 9. HP: 15/63 MP: 11/11
  7017 | D:5      | Reached skill level 9 in Unarmed Combat
  8586 | D:6      | Reached skill level 10 in Unarmed Combat
  8991 | D:7      | Reached skill level 1 in Armour
  9105 | D:7      | Found a shadowy altar of Dithmenos.
  9105 | D:7      | Found a deep blue altar of Sif Muna.
  9173 | D:7      | Found a staircase to the Ecumenical Temple.
  9390 | D:7      | Noticed Menkaure
  9393 | D:7      | Killed Menkaure
  9393 | D:7      | Reached skill level 5 in Fighting
  9393 | D:7      | Reached XP level 10. HP: 38/74 MP: 13/13
 10144 | D:8      | Found a glowing golden altar of the Shining One.
 10533 | D:8      | Killed from afar by an orc priest

Skill      XL: |  1  2  3  4  5  6  7  8  9 10 |
---------------+-------------------------------+-----
Unarmed Combat | 4 5 7 8 10 | 10.0
Dodging        | 4 5 6 |  6.5
Stealth        | 3 |  3.3
Invocations    | 1 2 3 4 |  4.1
Armour         | 1 |  1.0
Fighting       | 5 6 |  6.8

Action                   |  1- 3 |  4- 6 |  7- 9 | 10-12 || total
-------------------------+-------+-------+-------+-------++-------
Melee: Unarmed           |   107 |   261 |   399 |   103 ||   870
       Punch             |     5 |     4 |    23 |     2 ||    34
Invok: Injury Mirror     |       |       |     8 |     2 ||    10
  Use: Scroll            |     5 |       |     1 |       ||     6
       Potion            |       |     1 |       |       ||     1
 Stab: Sleeping          |     3 |     9 |    11 |     1 ||    24
       Distracted        |       |     3 |     2 |       ||     5
  Eat: Chunk             |     1 |    10 |    16 |     4 ||    31
Armor: Robe              |    20 |    15 |     7 |       ||    42
       Skin              |       |     7 |       |       ||     7
       Leather armour    |       |       |    10 |    19 ||    29
Dodge: Dodged            |    86 |   143 |   227 |    81 ||   537
Block: Other             |       |       |    35 |    14 ||    49
       Reflection        |       |       |     1 |       ||     1
